 Dungeon Crawl Stone Soup version 0.31.0-32-g396128a36d (webtiles) character file.

Game seed: 6158315738655244736

158 monsoonserge the Cudgeller (level 5, -4/37 HPs)
             Began as an Octopode Cinder Acolyte on Mar 26, 2024.
             Was a High Priest of Ignis.
             Slain by an ogre
             ... wielding a +0 giant spiked club
              (19 damage)
             ... on level 4 of the Dungeon.
             The game lasted 00:08:23 (3112 turns).

monsoonserge the Cudgeller (OpCA)                   Turns: 3112, Time: 00:08:24

Health: -4/37      AC: 12    Str: 15    XL:     5   Next: 39%
Magic:  0/6        EV: 12    Int: 17    God:    Ignis [*****.]
Gold:   208        SH:  5    Dex:  7    Spells: 4/6 levels left

rFire   + . .        a - -1 mace (flame)
rCold   + . .        (no shield)
rNeg    . . .        (helmet restricted)
rPois   .            n - amulet of reflection
rElec   .            g - ring of willpower
rCorr   .            t - +4 ring of protection
SInv    .            u - ring of protection from cold
Will    +....        (no ring)
Stlth   ++           (no ring)
HPRegen 0.26/turn    (no ring)
MPRegen 0.10/turn    (no ring)
                     (no ring)

%: reflection
@: fiery-armoured
A: almost no armour, amphibious, 8 rings, camouflage 1, gelatinous body 1,
(nimble swimmer 1), tentacles
a: Renounce Religion, Fiery Armour, Foxfire Swarm, Rising Flame


You were on level 4 of the Dungeon.
You worshipped Ignis.
Ignis was extremely pleased with you.
You visited 1 branch of the dungeon, and saw 4 of its levels.

You collected 208 gold pieces.

Inventory:

Hand Weapons
 a - a -1 mace of flaming (weapon)
Missiles
 q - 4 javelins
 x - 4 poisoned darts (quivered)
Jewellery
 f - a ring of ice
 g - a ring of willpower (left tentacle)
 n - an amulet of reflection (around mantle)
 t - a +4 ring of protection (right tentacle)
 u - a ring of protection from cold (on tentacle)
Scrolls
 d - a scroll of enchant weapon {unknown}
 j - 2 scrolls of identify {unknown}
 l - a scroll of fear {unknown}
 m - a scroll of revelation {unknown}
 o - a scroll of teleportation {unknown}
 p - a scroll of noise {unknown}
 r - a scroll of poison {unknown}
 v - a scroll of brand weapon {unknown}
Potions
 b - a potion of haste {unknown}
 c - a potion of enlightenment {unknown}
 e - 4 potions of curing {unknown}
 h - 3 potions of degeneration {unknown}
 i - a potion of berserk rage {unknown}
 k - 4 potions of lignification {unknown}
 s - a potion of attraction {unknown}
 w - a potion of magic {unknown}


   Skills:
 + Level 3.9 Fighting
 + Level 4.4 Maces & Flails
 + Level 1.2 Dodging
 + Level 1.8 Stealth
 - Level 0.2 Shields
 - Level 1.0 Spellcasting
 + Level 3.4 Fire Magic


You had 4 spell levels left.
You knew the following spells:

 Your Spells              Type           Power      Damage    Failure   Level
a - Scorch                Fire           24%        2d6       8%          2

Your spell library contained the following spells:

 Spells                   Type           Power      Damage    Failure   Level
 Kiss of Death            Conj/Necr      0%         2d5       22%         1
 Confusing Touch          Hex            0%         N/A       54%         3
 Anguish                  Hex/Necr       0%         N/A       91%         4
 Cause Fear               Hex            0%         N/A       91%         4
 Dispel Undead            Necr           0%         3d6       91%         4
 Enfeeble                 Hex            0%         N/A       100%        7


Dungeon Overview and Level Annotations

Branches:
Dungeon (4/15)
 Temple: D:4-7

Altars:
Makhleb


Innate Abilities, Weirdness & Mutations

You cannot wear most types of armour.
You are amphibious.
You can wear up to eight rings at the same time.
Your skin changes colour to match your surroundings (Stealth+).
Your rubbery body absorbs attacks. (AC +1, EV +1)
((You are camouflaged when in or above water. (Stealth+)))
You have tentacles for arms and can constrict up to eight enemies at once.


Message History

The ogre is lightly wounded.
The ogre's fire resistance burns away.
You block the adder's attack. The adder bites you. The ogre closely misses you.
You sock the ogre! You burn the ogre. Your squeeze misses the ogre.
The ogre is moderately wounded.
The adder closely misses you.
Casting: Scorch (safe; 8% risk of failure)
Confirm with . or Enter, or press ? or * to list all spells.
Flames lash the adder.
The adder is heavily wounded.
The adder's fire resistance burns away.
The ogre is no longer more vulnerable to fire.
You block the adder's attack.
The ogre hits you with a +0 giant spiked club!
The adder closely misses you.
A protective cloak of flame settles atop you.
You block the adder's attack. The ogre misses you.
Unknown command.
You hit the ogre. You burn the ogre.
The ogre is heavily wounded.
The adder bites you.
The adder is burned by your cloak of flames.
The adder is severely wounded.
You block the adder's attack. The adder misses you.
Unknown command.
Casting: Scorch (safe; 8% risk of failure)
Confirm with . or Enter, or press ? or * to list all spells.
Flames lash the adder.
You kill the adder!
The adder bites you but does no damage.
The adder is burned terribly!
The adder is burned by your cloak of flames.
You kill the adder!
The ogre hits you with a +0 giant spiked club!
The ogre is burned by your cloak of flames.
The ogre is severely wounded.
You hit the ogre. You burn the ogre.
The ogre is severely wounded.
The ogre hits you with a +0 giant spiked club!!
Ouch! That really hurt!
You die...

### ###########.######
#.........#.......
#.#######.#.###### #.# #.#.#
##########'## ####.#.#
##...........###....#.######
....B.......................
..........†@..##....########
..........O............#...
..........).........##.#.#.
....................##.#.#.#
....................##.#.#.#
..#######...........##.#.#.#
# .'.......#.####.#....
.....#........... #.#.###
................. #.#....


You could see an ogre and a giant cockroach.

Vanquished Creatures
  A bombardier beetle (D:3)
  An orc wizard (D:3)
  3 adders (D:4)
  3 dart slugs
  7 orcs (D:3)
  2 ball pythons (D:1)
  7 endoplasms
  2 giant cockroaches
  7 goblins (D:1)
  5 hobgoblins
  3 jackals (D:1)
  4 kobolds
  7 bats
  4 frilled lizards
  3 rats
59 creatures vanquished.

Notes
Turn   | Place    | Note
-------+----------+-------------------------------------------
     0 | D:1      | monsoonserge the Octopode Cinder Acolyte began the quest
                  | for the Orb.
     0 | D:1      | Reached XP level 1. HP: 16/16 MP: 2/2
    91 | D:1      | Reached XP level 2. HP: 4/21 MP: 3/3
    94 | D:1      | Learned a level 2 spell: Scorch
   382 | D:1      | Found a faded altar of an unknown god.
   596 | D:1      | Reached XP level 3. HP: 22/26 MP: 4/4
  2027 | D:3      | Reached XP level 4. HP: 12/32 MP: 5/5
  2250 | D:3      | Reached skill level 4 in Maces & Flails
  2344 | D:3      | Reached skill level 1 in Dodging
  2344 | D:3      | Reached skill level 1 in Stealth
  2344 | D:3      | Reached XP level 5. HP: 36/37 MP: 6/6
  2476 | D:3      | Found a burning altar of Makhleb.
  3097 | D:4      | Noticed an ogre
  3112 | D:4      | Slain by an ogre

Illustrated notes

Levels and vault maps discovered:
D:1:      amcnicky_arrival_double_pillar, layout_basic,
          chequers_ecumenical_altar_simple_redux, chequers_garden,
          minmay_shallow_snake_nest
D:2:      layout_loops_ring
D:3:      layout_basic, demons_altar
D:4:      minmay_recursive_quarters, layout_basic, overflow_temple_1_default,
          uniq_crazy_yiuf_cottage, uniq_duvessa

Skill      XL: |  1  2  3  4 |
---------------+-------------+-----
Maces & Flails | 4 |  4.4
Dodging        | 1 |  1.2
Stealth        | 1 |  1.8
Fighting       | |  3.9
Shields        | |  0.2
Spellcasting   | |  1.0
Fire Magic     | |  3.4

Action                     |  1- 3 |  4- 6 || total
---------------------------+-------+-------++-------
  Melee: Mace              |    84 |    45 ||   129
         Constrict         |    14 |     7 ||    21
         Tentacles         |    10 |     7 ||    17
         Punch             |     1 |       ||     1
   Cast: Scorch            |       |     3 ||     3
 Invoke: Fiery Armour      |       |     1 ||     1
   Stab: Sleeping          |     4 |     2 ||     6
 Armour: Skin              |    43 |    23 ||    66
  Dodge: Dodged            |    53 |    28 ||    81
  Block: Other             |     2 |    12 ||    14
